 Dungeon Crawl Stone Soup version 0.30-a0-451-ge042605de7 (webtiles) character file.

Game seed: 17593524828926297254

2826 Lobster4 the Summoner (level 10, -7/74 HPs)
             Began as a Human Summoner on Dec 12, 2022.
             Was an Initiate of Hepliaklqana.
             Mangled by a hornet (14 damage)
             ... on level 7 of the Dungeon.
             The game lasted 00:29:59 (8452 turns).

Lobster4 the Summoner (Human Summoner)              Turns: 8452, Time: 00:30:00

Health: -7/74      AC:  7    Str:  8    XL:     10   Next: 3%
Magic:  10/17      EV: 16    Int: 26    God:    Hepliaklqana [......]
Gold:   404        SH:  0    Dex: 14    Spells: 6/19 levels left

rFire   . . .      SeeInvis .    a - +1 short sword
rCold   . . .      Faith    .    (no shield)
rNeg    . . .      Spirit   .    s - +1 leather armour
rPois   .          Reflect  .    (no helmet)
rElec   .          Harm     .    (no cloak)
rCorr   .          Rampage  .    (no gloves)
Will    .....                    r - +2 pair of boots {Stlth+}
Stlth   +++.......               (no amulet)
HPRegen 0.32/turn                c - +4 ring of evasion
MPRegen 0.15/turn                g - +6 ring of intelligence

@: lethally poisoned (-7 -> -12), slowed, very slow
A: no striking features
a: Renounce Religion


You were on level 7 of the Dungeon.
You worshipped Hepliaklqana.
Hepliaklqana was noncommittal.
You visited 2 branches of the dungeon, and saw 8 of its levels.

You collected 404 gold pieces.

Inventory:

Hand Weapons
 a - a +1 short sword (weapon)
 w - a +0 rapier
 x - a +0 dagger of venom
Armour
 r - a +2 pair of boots of stealth (worn)
 s - a +1 leather armour (worn)
Magical Staves
 v - a staff of cold
Jewellery
 c - a +4 ring of evasion (left hand)
 g - a +6 ring of intelligence (right hand)
 n - an amulet of faith
 z - a ring of see invisible
Scrolls
 e - 4 scrolls of teleportation
 h - a scroll of fear {unknown}
 i - 3 scrolls of enchant weapon
 l - 2 scrolls of enchant armour
 p - a scroll of magic mapping {unknown}
 t - a scroll of immolation {unknown}
 u - a scroll of silence {unknown}
 y - a scroll of identify
 A - a scroll of amnesia {unknown}
Potions
 b - 2 potions of magic
 f - a potion of resistance {unknown}
 j - 3 potions of might {unknown}
 k - a potion of haste
 m - a potion of heal wounds
 o - 5 potions of mutation {unknown}
 q - a potion of cancellation


   Skills:
 + Level 5.1 Fighting
 - Level 1.0 Short Blades
 + Level 5.2 Armour
 - Level 3.0 Dodging
 - Level 3.0 Stealth
 + Level 5.1 Spellcasting
 * Level 8.8 Summonings
 + Level 3.4 Air Magic


You had 6 spell levels left.
You knew the following spells:

 Your Spells              Type           Power      Damage    Failure   Level
a - Summon Small Mammal   Summ           100%       N/A       1%          1
b - Call Imp              Summ           51%        N/A       1%          2
c - Call Canine Familiar  Summ           51%        N/A       1%          3
d - Summon Guardian Gole  Hex/Summ       29%        N/A       4%          3
h - Summon Lightning Spi  Summ/Air       38%        N/A       9%          4

Your spell library contained the following spells:

 Spells                   Type           Power      Damage    Failure   Level
 Cigotuvi's Dreadful Rot  Necr/Pois/Air  24%        N/A       10%         2
 Apportation              Tloc           12%        N/A       11%         1
 Necrotise                Necr           24%        1d5       11%         1
 Dispel Undead            Necr           6%         3d8       71%         4
 Death Channel            Necr           3%         N/A       100%        6


Dungeon Overview and Level Annotations

Branches:
Dungeon (7/15)             Temple (1/1) D:6

Altars:
Ashenzari
Cheibriados
Dithmenos
Elyvilon
Fedhas
Gozag
Hepliaklqana
Kikubaaqudgha
Makhleb
Nemelex Xobeh
Okawaru
Qazlal
Ru
Sif Muna
Trog
Uskayaw
Wu Jian
Xom
Yredelemnul
Zin
The Shining One

Shops:
D:3 ((   D:4 [   D:6 *

Annotations:
D:1 1 exclusion
D:5 Slime creatue


Message History

The hornet stings you but does no damage.
Your crimson imp barely misses the hornet.
Your quokka bites the hornet but does no damage.
The hornet stings you!
You feel as though you will be slow longer.
You miss the hornet.
The hornet is almost dead.
You feel sick. The hornet barely misses you.
Your crimson imp closely misses the hornet.
Your quokka barely misses the hornet.
The hornet stings you!
* * * LOW HITPOINT WARNING * * *
You feel as though you will be slow longer.
Your crimson imp blinks!
Your quokka barely misses the hornet.
You feel better. The hornet stings you!
* * * LOW HITPOINT WARNING * * *
You feel as though you will be slow longer.
Your quokka bites the hornet but does no damage.
The hornet stings you!
* * * LOW HITPOINT WARNING * * *
You are lethally poisoned!
You feel as though you will be slow longer.
Your crimson imp is smitten.
Your crimson imp dies!
Your crimson imp disappears in a puff of smoke!
You feel better. The hornet stings you.
* * * LOW HITPOINT WARNING * * *
You are poisoned.
You feel as though you will be slow longer.
Your quokka barely misses the hornet.
The hornet completely misses you.
Your quokka closely misses the hornet.
Casting: Call Canine Familiar (safe; 1% risk of failure)
Confirm with . or Enter, or press ? or * to list all spells.
A beastly little devil appears in a puff of flame.
* * * LOW HITPOINT WARNING * * *
You feel very sick.
The hornet stings you but does no damage.
Your quokka barely misses the hornet.
The hornet misses you.
Your quokka bites the hornet.
The hornet stings you!
You die...

#.##....#...# #.##.#.#
#.##......#.###.##.#.#
#.##...#.# #.......#.#
#.##....## ##........#
#####.##...#<###.##.#..###
#...)......##)#..##.#..#
#..##....#...)5..##.#..#
#..##.##...###ry.##.#.)#
#..o.o.........@....#>.#
#.###.###.###.#.#####..#
#.# #.# #.#.#####..####
#.# #.# #.#...........#
#.# #.###.########..#.#
#.# #.....[.........#.#
#.# #####.#########.#(#
###.# #.#########.#.#
##...## #.##........#.#


You could see a hornet (ally target), a friendly crimson imp (summoned) and a
friendly quokka (summoned).

Vanquished Creatures
  A water moccasin (D:5)
  A black bear (D:5)
  A centaur (D:7)
  A jelly (D:4)
  3 iguanas
  An orc wizard (D:5)
  A gnoll (D:5)
  An adder (D:2)
  8 orcs
  A ball python (D:3)
  5 endoplasms
  2 giant cockroaches (D:2)
  3 goblins
  6 hobgoblins
  A jackal (D:4)
  4 frilled lizards
  2 kobolds
42 creatures vanquished.

Vanquished Creatures (collateral kills)
  A hornet (D:6)
  Sigmund (D:3)
  A water moccasin (D:6)
  2 black bears
  2 orc warriors (D:7)
  3 ogres
  A centaur (D:7)
  2 kobold brigands (D:5)
  2 bullfrogs
  3 scorpions
  An electric eel (D:6)
  A hound (D:5)
  3 jellies (D:5)
  5 iguanas
  9 orc wizards
  2 gnolls (D:6)
  7 adders
  A shadow imp (D:6)
  A white imp (D:6)
  3 ufetubi (D:5)
  31 orcs
  3 bats (D:1)
  9 endoplasms
  3 giant cockroaches
  5 hobgoblins
  7 jackals
  2 quokkas
  3 ball pythons
  A frilled lizard (D:1)
  2 goblins (D:5)
  13 kobolds
  2 rats
132 creatures vanquished.

Vanquished Creatures (others)
  A gnoll (D:6)
  7 fungi (D:5)
  9 toadstools (D:5)
17 creatures vanquished.

Grand Total: 191 creatures vanquished

Notes
Turn   | Place    | Note
-------+----------+-------------------------------------------
     0 | D:1      | Lobster4 the Human Summoner began the quest for the Orb.
     0 | D:1      | Reached XP level 1. HP: 13/13 MP: 3/3
   262 | D:1      | Reached XP level 2. HP: 19/19 MP: 5/5
   265 | D:1      | Learned a level 2 spell: Call Imp
   862 | D:1      | Reached XP level 3. HP: 25/25 MP: 2/6
  1298 | D:2      | Found a shimmering blue altar of Sif Muna.
  1398 | D:2      | Reached skill level 1 in Fighting
  1398 | D:2      | Reached XP level 4. HP: 32/32 MP: 3/7
  1504 | D:2      | Reached skill level 1 in Armour
  1840 | D:3      | Found Zoshehig's Weapon Boutique.
  1966 | D:3      | Found Wumuheubb's Weapon Shoppe.
  2389 | D:3      | Noticed Sigmund
  2417 | D:3      | Killed Sigmund
  2418 | D:3      | Reached skill level 5 in Summonings
  2418 | D:3      | Reached XP level 5. HP: 38/38 MP: 0/9
  2418 | D:3      | Reached XP level 6. HP: 44/44 MP: 0/10
  2668 | D:4      | Noticed an ogre
  2672 | D:4      | Killed an ogre
  2732 | D:3      | Reached XP level 7. HP: 32/50 MP: 7/11
  2906 | D:4      | Reached skill level 1 in Short Blades
  3221 | D:4      | Learned a level 3 spell: Call Canine Familiar
  3544 | D:4      | Found a basalt altar of Yredelemnul.
  3840 | D:4      | Found Xojow's Armour Emporium.
  3853 | D:4      | Reached skill level 6 in Summonings
  4048 | D:5      | Entered Level 5 of the Dungeon
  4155 | D:5      | Reached XP level 8. HP: 58/58 MP: 6/13
  4746 | D:4      | Learned a level 4 spell: Summon Lightning Spire
  5049 | D:5      | Reached skill level 7 in Summonings
  5137 | D:5      | Reached skill level 1 in Air Magic
  5272 | D:5      | Found an opulent altar of Gozag.
  5274 | D:5      | Found a stormy altar of Qazlal.
  5403 | D:5      | Found an iron altar of Okawaru.
  5519 | D:5      | Reached XP level 9. HP: 65/65 MP: 9/15
  5624 | D:5      | Found a sacrificial altar of Ru.
  5854 | D:5      | Noticed a slime creature
  6661 | D:6      | Noticed a hornet
  6799 | D:6      | Found Huarask's Neck Hole.
  6913 | D:6      | Reached skill level 8 in Summonings
  6993 | D:6      | Killed a hornet
  7117 | D:6      | Found a staircase to the Ecumenical Temple.
  7126 | Temple   | Entered the Ecumenical Temple
  7158 | Temple   | Became a worshipper of Hepliaklqana the Forgotten
  7809 | D:6      | Learned a level 3 spell: Summon Guardian Golem
  7987 | D:7      | Reached skill level 5 in Spellcasting
  7996 | D:7      | Reached skill level 5 in Armour
  8050 | D:7      | Noticed a hornet
  8229 | D:7      | Reached skill level 5 in Fighting
  8320 | D:7      | Reached XP level 10. HP: 74/74 MP: 15/17
  8441 | D:7      | Paralysed by a hornet for 2 turns
  8450 | D:7      | HP: 2/74 [hornet (11)]
  8452 | D:7      | Mangled by a hornet

Illustrated notes

Levels and vault maps discovered:
D:1:      grunt_arrival_crossed_arrows, layout_basic,
          chequers_serial_rivers_marsh, item_on_display_a
D:2:      layout_rooms, basic_altar
D:3:      layout_basic, serial_shops, shop, nicolae_shop_crystal, uniq_sigmund
D:4:      nicolae_cairo_tiling, layout_loops_ring,
          mainiacjoe_overflow_six_doors_small, serial_shops,
          nicolae_shop_statue_plus
D:5:      cheibrodos_fertilizer, layout_cave_pools, okawaru_altar_gauntlet_db,
          nicolae_ru_awakened_eye, nicolae_overflow_hidden_temple,
          nicolae_gozag_seed_capital, minmay_fractal_squares_5
D:6:      layout_basic, minmay_temple_entry_steel_oval, kennysheep_path_1,
          nicolae_shop_sticking_my_neck_out
D:7:      layout_loops_ring, nicolae_vehumet_radiance
Temple:   regret_index_temple_sphere_string

Skill      XL: |  1  2  3  4  5  6  7  8  9 |
---------------+----------------------------+-----
Fighting       | 1 2 3 4 5 |  5.1
Armour         | 2 3 4 5 |  5.2
Stealth        | 3 |  3.0
Summonings     | 5 6 7 8 |  8.8
Dodging        | 3 |  3.0
Spellcasting   | 3 4 5 |  5.1
Short Blades   | 1 |  1.0
Air Magic      | 1 3 |  3.4

Action                   |  1- 3 |  4- 6 |  7- 9 | 10-12 || total
-------------------------+-------+-------+-------+-------++-------
Melee: Unarmed           |     8 |       |       |       ||     8
       Dagger            |     8 |       |       |       ||     8
       Short sword       |    29 |    36 |   146 |     7 ||   218
       Punch             |       |     2 |     4 |       ||     6
 Cast: Summon Small Mamm |    43 |    22 |   116 |     3 ||   184
       Call Imp          |     5 |    10 |    56 |     3 ||    74
       Call Canine Famil |       |       |    50 |     3 ||    53
  Use: Scroll            |     1 |     2 |     9 |       ||    12
       Potion            |       |     1 |     3 |     4 ||     8
 Stab: Distracted        |     2 |     1 |     6 |       ||     9
       Sleeping          |     1 |     2 |       |       ||     3
Armor: Robe              |    17 |     1 |     8 |       ||    26
       Skin              |       |       |    67 |       ||    67
       Leather armour    |       |       |    21 |     7 ||    28
Dodge: Dodged            |    45 |    39 |   192 |    14 ||   290

Table legend: (Time is in decaauts)
 A = Elapsed time spent in this place.
 B = Non-inter-level travel time spent in this place.
 C = Inter-level travel time spent in this place.
 D = Time resting spent in this place.
 E = Time spent auto-exploring this place.
 F = Levels seen in this place.
 G = Mean time per level.
                   A        B        C        D        E       F      G
               +--------+--------+--------+--------+--------+-----+--------+
         Total |   8476 |   8043 |    433 |   1064 |   4818 |   8 | 1059.5 |
       Dungeon |   8314 |   7899 |    415 |   1064 |   4690 |   7 | 1187.7 |
        Temple |    161 |    143 |     18 |      0 |    128 |   1 |  161.0 |
               +--------+--------+--------+--------+--------+-----+--------+

Top non-repeatable levels by time:
     D:5: 1946 daAuts
     D:4: 1742 daAuts
     D:6: 1331 daAuts
     D:3: 1137 daAuts
     D:1: 1057 daAuts
     D:7: 556 daAuts
     D:2: 542 daAuts
  Temple: 161 daAuts
